 Dungeon Crawl Stone Soup version 0.30.0-10-gfe55d96785 (webtiles) character file.

Game seed: 16802667991898742548

200 qw the Chopper (level 5, -1/33 HPs)
             Began as a Gargoyle Cinder Acolyte on May 16, 2023.
             Was an Elder of Ignis.
             Slain by Duvessa
             ... wielding a +0 short sword
              (7 damage)
             ... on level 4 of the Dungeon.
             The game lasted 00:01:35 (2948 turns).

qw the Chopper (Gargoyle Cinder Acolyte)            Turns: 2948, Time: 00:01:36

Health: -1/33      AC: 21    Str: 19    XL:     5   Next: 78%
Magic:  6/6        EV: 10    Int: 15    God:    Ignis [****..]
Gold:   222        SH:  0    Dex:  5    Spells: 6/6 levels left

rFire   + . .        Y - -1 hand axe (flame)
rCold   . . .        (no shield)
rNeg    + . .        p - +0 ring mail
rPois   inf          g - +2 helmet
rElec   +            (no cloak)
rCorr   .            e - +0 pair of gloves
SInv    .            l - +0 pair of boots
Will    .....        (no amulet) Stlth
                     (no ring)
HPRegen 0.25/turn    (no ring)
MPRegen 0.10/turn

%: no passive effects
@: fiery-armoured
A: sickness immunity, AC +4, negative energy resistance 1, electricity
resistance, torment resistance 1, petrification resistance
a: Renounce Religion, Fiery Armour, Foxfire Swarm, Rising Flame


You were on level 4 of the Dungeon.
You worshipped Ignis.
Ignis was greatly pleased with you.
You visited 1 branch of the dungeon, and saw 4 of its levels.

You collected 222 gold pieces.


Innate Abilities, Weirdness & Mutations

You are immune to sickness and miasma.
Your stone body is resilient. (AC +4)
You are immune to poison.
You resist negative energy. (rN+)
You are resistant to electric shocks. (rElec)
You are resistant to unholy torment.
You are immune to petrification.


   Skills:
 - Level 3.9 Fighting
 - Level 5.3 Axes
 + Level 1.1 Armour
 - Level 1.0 Spellcasting
 - Level 3.0 Fire Magic


You had 6 spell levels left.
You didn't know any spells.
Your spell library contained the following spells:

 Spells                   Type           Power      Damage    Failure   Level
 Scorch                   Fire           18%        2d5       19%         2

Inventory:

Hand Weapons
 Y - a -1 hand axe of flaming (weapon)
Armour
 e - a +0 pair of gloves (worn)
 g - a +2 helmet (worn)
 l - a +0 pair of boots (worn)
 p - a +0 ring mail (worn)
Jewellery
 b - a +6 ring of dexterity
Scrolls
 a - 4 scrolls of identify
 k - 2 scrolls of enchant armour {unknown}
Potions
 f - a potion of mutation {unknown}
 h - a potion of lignification {unknown}
 i - a potion of haste
 j - a potion of curing {unknown}
 m - 2 potions of brilliance {unknown}
 n - a potion of degeneration {unknown}
 o - a potion of flight {unknown}

Dungeon Overview and Level Annotations

Branches:
Dungeon (4/15)
 Temple: D:4-7

Altars:
Sif Muna
The Shining One

Shops:
D:1 :

Annotations:
D:4 Duvessa


Message History

There is an open gate here.
You see here a +0 leather armour.
m - 2 fizzy silvery potions (gained 1)
You now have 204 gold pieces (gained 10).
You now have 222 gold pieces (gained 18).
Duvessa, Sister of Dowan comes into view.
She is wielding a +0 short sword.
2936 ||| Stepping ~*~*~tactically~*~*~ (stealth).
Duvessa is nearby!
2938 ||| Stepping ~*~*~tactically~*~*~ (stealth).
Duvessa shouts!
Duvessa goes berserk!
Duvessa hits you with a +0 short sword!
You hit Duvessa. You burn Duvessa.
Duvessa is lightly wounded.
Duvessa hits you with a +0 short sword.
You barely miss Duvessa.
Duvessa is lightly wounded.
Duvessa hits you with a +0 short sword! Duvessa hits you but does no damage.
2943 ||| DRINKING potion of heal wounds.
You feel much better. Duvessa hits you with a +0 short sword!
You hit Duvessa but do no damage.
Duvessa is lightly wounded.
Duvessa hits you with a +0 short sword. Duvessa closely misses you.
2945 ||| INVOKING Fiery Armour.
A protective cloak of flame settles atop you.
Duvessa closely misses you.
You hit Duvessa but do no damage.
Duvessa is lightly wounded.
Duvessa hits you but does no damage.
Duvessa is burned by your cloak of flames.
Duvessa is lightly wounded.
Duvessa closely misses you.
You hit Duvessa but do no damage.
Duvessa is lightly wounded.
Duvessa hits you with a +0 short sword! Duvessa hits you but does no damage.
You hit Duvessa but do no damage.
Duvessa is lightly wounded.
Duvessa hits you with a +0 short sword!
You die...

#.. #.#####
###########.....#
#.....##........#
#.....##.##.##..# # ###
#.....##.#...#..#...######.#
#.........._......# #......#
#.....#..#e..#.######...####
#.....#..##@##.# ##...###
##.#.##....)...###...##
#.#..#...).#####....#
#.##.#####.#####..### #.. ##
#.#...........##..# #..
.######.....##......##..#
#..
.....#..#.###.......#..##
#.. ####....#.............##
#.. ...........##.#.....###
#..


You could see Duvessa (berserk).

Vanquished Creatures
  Dowan (D:4)
  A hound (D:4)
  Robin (D:2)
  5 adders
  2 dart slugs (D:1)
  An orc (D:3)
  5 endoplasms
  3 giant cockroaches
  9 goblins
  13 hobgoblins
  2 jackals (D:1)
  A quokka (D:4)
  2 ball pythons (D:2)
  5 bats
  3 frilled lizards
  6 kobolds
  2 rats
62 creatures vanquished.

Notes
Turn   | Place    | Note
-------+----------+-------------------------------------------
     0 | D:1      | qw the Gargoyle Cinder Acolyte began the quest for the Orb.
     0 | D:1      | Reached XP level 1. HP: 14/14 MP: 2/2
     0 | D:1      | 0 ||| qw: Version: 0.2-a-94-gb5d2a68
     0 | D:1      | 0 ||| qw: Game counter: 56
     0 | D:1      | 0 ||| qw: Always use a shield: true
     0 | D:1      | 0 ||| qw: God list: Okawaru
     0 | D:1      | 0 ||| qw: Allow faded altars: false
     0 | D:1      | 0 ||| qw: Do Orc after D:15 true
     0 | D:1      | 0 ||| qw: Do second Lair branch before Depths: true
     0 | D:1      | 0 ||| qw: Lair rune preference: random
     0 | D:1      | 0 ||| qw: Plans: Normal
     0 | D:1      | 0 ||| PLANNING D:1-11
    22 | D:1      | 22 ||| INVOKING Fiery Armour.
   217 | D:1      | 217 ||| Stepping ~*~*~tactically~*~*~ (stealth).
   230 | D:1      | Reached skill level 3 in Axes
   286 | D:1      | Found Ycic's Book Shop.
   307 | D:1      | 307 ||| Stepping ~*~*~tactically~*~*~ (stealth).
   422 | D:1      | Reached XP level 2. HP: 18/19 MP: 3/3
   485 | D:1      | 485 ||| Stepping ~*~*~tactically~*~*~ (hiding).
   580 | D:1      | 580 ||| Stepping ~*~*~tactically~*~*~ (stealth).
   581 | D:1      | 581 ||| Stepping ~*~*~tactically~*~*~ (stealth).
   585 | D:1      | 585 ||| Stepping ~*~*~tactically~*~*~ (stealth).
   918 | D:1      | 918 ||| UPGRADING to +0 leather armour.
   928 | D:1      | 928 ||| DROPPING +0 robe.
   929 | D:1      | 929 ||| DROPPING ring of magical power.
   930 | D:1      | 930 ||| READING 2 scrolls labelled ZOUTUE EDOE.
   931 | D:1      | 931 ||| READING scroll labelled LIGUQY TELIPYA.
   932 | D:1      | 932 ||| READING scroll labelled LUT CURGHENIRO.
   933 | D:1      | 933 ||| READING scroll labelled LOURUN RIOQEL.
  1028 | D:2      | 1028 ||| INVOKING Fiery Armour.
  1032 | D:2      | Reached XP level 3. HP: 23/23 MP: 4/4
  1039 | D:2      | 1039 ||| Stepping ~*~*~tactically~*~*~ (stealth).
  1055 | D:2      | Noticed Robin
  1063 | D:2      | Killed Robin
  1064 | D:2      | Reached skill level 4 in Axes
  1291 | D:2      | Reached XP level 4. HP: 28/28 MP: 5/5
  1644 | D:2      | 1644 ||| UPGRADING to +2 helmet.
  1649 | D:2      | 1649 ||| UPGRADING to +0 pair of boots.
  1654 | D:2      | 1654 ||| READING scroll labelled DOEGHA ZENOERPH.
  1655 | D:2      | 1655 ||| READING scroll labelled KIGGAU QAVOZXE.
  1660 | D:2      | 1660 ||| READING scroll labelled MEBULE WIDIPNIXTA.
  1661 | D:2      | 1661 ||| READING 2 scrolls of identify.
  1661 | D:2      | 1661 ||| IDENTIFYING fizzy blue potion
  1797 | D:3      | Reached skill level 1 in Armour
  2203 | D:3      | 2203 ||| UPGRADING to +0 pair of gloves.
  2208 | D:3      | 2208 ||| DROPPING ring of flight.
  2209 | D:3      | 2209 ||| READING scroll labelled DEWEZUE CYUT.
  2210 | D:3      | 2210 ||| READING scroll labelled RIN ERIRUQUO.
  2254 | D:4      | 2254 ||| STAIRDANCE
  2374 | D:4      | Found a shimmering blue altar of Sif Muna.
  2378 | D:4      | 2378 ||| Stepping ~*~*~tactically~*~*~ (stealth).
  2387 | D:4      | 2387 ||| Stepping ~*~*~tactically~*~*~ (stealth).
  2447 | D:4      | 2447 ||| Stepping ~*~*~tactically~*~*~ (stealth).
  2448 | D:4      | 2448 ||| Stepping ~*~*~tactically~*~*~ (stealth).
  2474 | D:4      | 2474 ||| Stepping ~*~*~tactically~*~*~ (hiding).
  2477 | D:4      | 2477 ||| Stepping ~*~*~tactically~*~*~ (hiding).
  2661 | D:4      | Noticed Dowan
  2677 | D:4      | 2677 ||| INVOKING Fiery Armour.
  2684 | D:4      | Killed Dowan
  2685 | D:4      | Reached skill level 5 in Axes
  2685 | D:4      | Reached XP level 5. HP: 17/32 MP: 6/6
  2797 | D:4      | Found a glowing golden altar of the Shining One.
  2798 | D:4      | 2798 ||| UPGRADING to +0 ring mail.
  2812 | D:4      | 2812 ||| DROPPING +0 leather armour.
  2935 | D:4      | Noticed Duvessa
  2936 | D:4      | 2936 ||| Stepping ~*~*~tactically~*~*~ (stealth).
  2938 | D:4      | 2938 ||| Stepping ~*~*~tactically~*~*~ (stealth).
  2942 | D:4      | HP: 8/33 [Duvessa/+0 short sword (14)]
  2943 | D:4      | 2943 ||| DRINKING potion of heal wounds.
  2945 | D:4      | 2945 ||| INVOKING Fiery Armour.
  2947 | D:4      | HP: 6/33 [Duvessa/+0 short sword (10)]
  2948 | D:4      | Slain by Duvessa

Levels and vault maps discovered:
D:1:      dpeg_arrival_simpleton_a, layout_loops_ring, serial_shops, shop,
          serial_bayou_pond_a, kennysheep_flooded_box, st_stairs_11,
          serial_park_tiny_pond
D:2:      layout_basic, minivault_14, uniq_robin
D:3:      layout_basic
D:4:      layout_rooms, mainiacjoe_overflow_alcove_4,
          nicolae_overflow_crystal_walls, lemuel_zombie_altar_yredelemnul,
          uniq_duvessa

Skill      XL: |  1  2  3  4 |
---------------+-------------+-----
Axes           | 3 4 5 |  5.3
Armour         | 1 |  1.1
Fighting       | |  3.9
Spellcasting   | |  1.0
Fire Magic     | |  3.0

Action                     |  1- 3 |  4- 6 || total
---------------------------+-------+-------++-------
  Melee: Hand axe          |   116 |   125 ||   241
         Punch             |     1 |       ||     1
 Invoke: Fiery Armour      |     2 |     2 ||     4
    Use: Scroll            |     4 |     6 ||    10
         Potion            |       |     1 ||     1
 Armour: Robe              |    25 |       ||    25
         Leather armour    |    22 |    57 ||    79
         Ring mail         |       |     5 ||     5
         Skin              |       |     2 ||     2
  Dodge: Dodged            |    76 |    66 ||   142

Table legend:
 A = Non-vault XP
 B = Vault XP
 C = Vault XP percentage of total XP
 D = Non-vault monster count
 E = Vault monster count
 F = Vault count percentage of total count
                 A         B        C        D         E       F
            +---------+---------+-------+---------+---------+-------
      Total |     181 |     105 |  36.7 |      47 |      15 |  24.2
            +---------+---------+-------+---------+---------+-------
        D:1 |      24 |       3 |  11.1 |      12 |       2 |  14.3
        D:2 |      27 |      35 |  56.5 |      10 |      12 |  54.5
        D:3 |      52 |       0 |   0.0 |      10 |       0 |   0.0
        D:4 |      78 |      67 |  46.2 |      15 |       1 |   6.2
            +---------+---------+-------+---------+---------+-------
